 Dungeon Crawl Stone Soup version 0.22-a0-617-g6d95e9e (webtiles) character file.

1537 emperorscorpion the Grappler (level 8, 0/63 HPs)
             Began as a Ghoul Warper on July 12, 2018.
             Was a Priest of Okawaru.
             Slain by a worker ant (3 damage)
             ... on level 7 of the Dungeon.
             The game lasted 00:10:10 (6885 turns).

emperorscorpion the Grappler (Ghoul Warper)         Turns: 6885, Time: 00:10:11

Health: 0/63       AC: 12    Str: 17    XL:     8   Next: 86%
Magic:  8/9        EV: 10    Int:  8    God:    Okawaru [***...]
Gold:   250        SH:  0    Dex:  8    Spells: 10/10 levels left

rFire    . . .     SeeInvis .     - Unarmed
rCold    + . .     Gourm    .   (no shield)
rNeg     + + +     Faith    .   j - +1 chain mail
rPois    ∞         Spirit   .   (no helmet)
rElec    .         Reflect  .   (no cloak)
rCorr    .         Harm     .   (no gloves)
MR       .....                  (no boots)
Stlth    +.........             (no amulet)
HPRegen  0.00/turn              (no ring)
MPRegen  0.11/turn              (no ring)

@: heroism, rotting
A: rotting body, claws 1, carnivore, cold resistance 1, negative energy
resistance 3, inhibited regeneration, torment resistance, unbreathing
a: Heroism, Renounce Religion


You were on level 7 of the Dungeon.
You worshipped Okawaru.
Okawaru was most pleased with you.
You were not hungry.

You visited 2 branches of the dungeon, and saw 8 of its levels.

You collected 274 gold pieces.
You spent 24 gold pieces at shops.

Inventory:

Hand Weapons
 p - a +0 blowgun
Missiles
 d - 5 tomahawks of dispersal (quivered)
 q - 8 poisoned needles
 r - 6 tomahawks
Armour
 a - a +0 leather armour
 j - a +1 chain mail (worn)
 o - a +0 scale mail
 u - a +1 leather armour of poison resistance
Wands
 m - a wand of flame (24)
 s - a wand of iceblast (11)
 y - a wand of paralysis (10)
Scrolls
 c - a scroll of blinking
 h - 3 scrolls of identify
 k - a scroll of magic mapping {unknown}
 l - 3 scrolls of noise
 n - 2 scrolls of fog
 t - a scroll of enchant armour
 v - a scroll of teleportation
Potions
 b - a potion of heal wounds {unknown}
 e - a potion of agility
 i - a potion of curing
Comestibles
 f - 14 rations
 g - 6 chunks of flesh


   Skills:
 + Level 3.5(8.5) Fighting
 + Level 1.0(6.0) Throwing
 + Level 4.6(9.6) Armour
 + Level 3.2(8.2) Dodging
 + Level 4.2(9.2) Stealth
 + Level 8.6(13.6) Unarmed Combat
 - Level 1.7 Spellcasting
   Level 2.6 Translocations
 + Level 0.1 Evocations


You had 10 spell levels left.
You didn't know any spells.
Your spell library contained the following spells:

 Spells                   Type           Power        Failure   Level  Hunger
 Teleport Other           Tloc           #.......     98%         3    ####...
 Blink                    Tloc           N/A          88%         2    ###....
 Passage of Golubria      Tloc           N/A          100%        4    #####..
 Shroud of Golubria       Chrm/Tloc      #.........   97%         2    ###....
 Gell's Gravitas          Tloc           #.........   98%         3    ####...
 Lesser Beckoning         Tloc           #.........   98%         3    ####...


Dungeon Overview and Level Annotations

Branches:
Dungeon (7/15)             Temple (1/1) D:4

Altars:
Ashenzari
Cheibriados
Dithmenos
Elyvilon
Fedhas
Gozag
Hepliaklqana
Kikubaaqudgha
Makhleb
Nemelex Xobeh
Okawaru
Qazlal
Ru
Trog
Uskayaw
Vehumet
Wu Jian
Xom
Yredelemnul
Zin
The Shining One

Shops:
D:4 !   D:5 *


Innate Abilities, Weirdness & Mutations

Your body is rotting away.
You thrive on raw meat.
You are immune to poison.
You have sharp fingernails.
You are carnivorous and can eat meat at any time.
Your flesh is cold resistant. (rC+)
You are immune to negative energy. (rN+++)
You do not regenerate when monsters are visible.
You are immune to unholy pain and torment.
You can survive without breathing.


Message History

The two-headed ogre hits you with a giant club.
The two-headed ogre misses you.
You scratch the two-headed ogre.
The two-headed ogre is heavily wounded.
The two-headed ogre hits you with a giant club.
The two-headed ogre hits you but does no damage.
You mangle the two-headed ogre!!
The two-headed ogre is almost dead.
You scratch the two-headed ogre but do no damage.
You claw the two-headed ogre.
The two-headed ogre is almost dead.
The two-headed ogre hits you with a giant club!
* * * LOW HITPOINT WARNING * * *
The two-headed ogre hits you with a dire flail!
* * * LOW HITPOINT WARNING * * *
The worker ant bites you but does no damage.
You scratch the two-headed ogre but do no damage.
The two-headed ogre is almost dead.
The worker ant bites you.
You die...

...######...÷........#
..####......##..######
.##.....#######.#
....##### #.## #####
#..# # #..# #..# ##.#
#@# #Oa# #.... #....#
#....# #....# .....#
....##


You could see a two-headed ogre and a worker ant.

Vanquished Creatures
  Grinder (D:5)
  A hippogriff (D:7)
  Duvessa (D:6)
  A black bear (D:6)
  A sky beast (D:6)
  A centaur (D:6)
  Dowan (D:6)
  A scorpion (D:4)
  A bullfrog zombie (D:6)
  2 crimson imps
  2 jellies (D:5)
  2 orc priests (D:6)
  Natasha (thrice) (D:2)
  5 orc wizards
  A worker ant (D:6)
  A hound skeleton (D:3)
  A howler monkey skeleton (D:5)
  2 worker ant zombies
  6 adders
  2 shadow imps (D:5)
  An ooze (D:1)
  5 worms
  A dart slug (D:2)
  A leopard gecko (D:6)
  22 orcs
  4 giant cockroaches
  2 goblins (D:3)
  4 hobgoblins
  8 jackals
  2 quokkas
  3 ball pythons
  6 bats
  3 frilled lizards
  6 kobolds
  A quokka skeleton (D:5)
  4 rats
109 creatures vanquished.

Notes
Turn   | Place    | Note
-------+----------+-------------------------------------------
     0 | D:1      | emperorscorpion the Ghoul Warper began the quest for the Orb.
     0 | D:1      | Reached XP level 1. HP: 17/17 MP: 2/2
   497 | D:1      | Reached skill level 1 in Throwing
   564 | D:1      | Reached XP level 2. HP: 13/20 MP: 3/3
  1414 | D:2      | Found a shimmering altar of Xom.
  1435 | D:2      | Reached XP level 3. HP: 30/30 MP: 4/4
  1468 | D:2      | Reached skill level 1 in Armour
  1750 | D:2      | Noticed Natasha
  1760 | D:2      | Killed Natasha
  1760 | D:2      | Reached skill level 3 in Unarmed Combat
  1800 | D:2      | Found a hazy altar of Hepliaklqana.
  1800 | D:2      | Found a shadowy altar of Dithmenos.
  1800 | D:2      | Found a white marble altar of Elyvilon.
  1800 | D:2      | Found an ancient bone altar of Kikubaaqudgha.
  1801 | D:2      | Found an iron altar of Okawaru.
  1822 | D:2      | Found a bloodstained altar of Trog.
  1827 | D:2      | Became a worshipper of Warmaster Okawaru
  1931 | D:2      | Noticed Natasha
  1937 | D:2      | Killed Natasha
  1937 | D:2      | Reached XP level 4. HP: 34/37 MP: 5/5
  1960 | D:2      | Found a shattered altar of Ashenzari.
  1984 | D:2      | Noticed Natasha
  1991 | D:2      | Killed Natasha
  2130 | D:2      | Reached XP level 5. HP: 40/42 MP: 6/6
  2315 | D:3      | Reached skill level 4 in Unarmed Combat
  2972 | D:4      | Found Beniereg's Distillery.
  3240 | D:4      | Reached XP level 6. HP: 45/50 MP: 7/7
  3241 | D:4      | Reached skill level 5 in Unarmed Combat
  3783 | D:4      | Found a staircase to the Ecumenical Temple.
  3792 | Temple   | Entered the Ecumenical Temple
  4111 | D:5      | Entered Level 5 of the Dungeon
  4315 | D:5      | Reached skill level 1 in Stealth
  4779 | D:5      | Found Naaronymm's General Store.
  4788 | D:5      | Bought a scroll of fog for 24 gold pieces
  4935 | D:5      | Reached * piety under Okawaru
  4935 | D:5      | Reached skill level 6 in Unarmed Combat
  4935 | D:5      | Reached XP level 7. HP: 31/57 MP: 8/8
  5286 | D:6      | Noticed Grinder
  5310 | D:5      | Killed Grinder
  5571 | D:6      | Reached skill level 7 in Unarmed Combat
  5754 | D:6      | Reached ** piety under Okawaru
  5754 | D:6      | Reached XP level 8. HP: 58/63 MP: 9/9
  6031 | D:6      | Noticed Dowan
  6032 | D:6      | Noticed Duvessa
  6051 | D:6      | Killed Duvessa
  6064 | D:6      | Killed Dowan
  6064 | D:6      | Reached skill level 8 in Unarmed Combat
  6842 | D:7      | Noticed a hippogriff
  6849 | D:7      | Killed a hippogriff
  6849 | D:7      | Reached *** piety under Okawaru
  6873 | D:7      | Noticed a two-headed ogre
  6884 | D:7      | HP: 3/63 [two-headed ogre/giant club (13)]
  6885 | D:7      | Slain by a worker ant

Vault maps used:
D:1:      arrival_zaba_pyramid
D:2:      nicolae_ashenzari_panopticon, grunt_temple_overflow_open,
          lemuel_round_altar, serial_bayou_pond_b, uniq_natasha
D:3:      chequers_big_river
D:4:      minmay_temple_entry_poolview, serial_shops, shop,
          minmay_misc_feat_plants
D:5:      first_ration, serial_shops, nicolae_shop_waterfront
D:6:      uniq_duvessa, uniq_grinder
D:7:      grunt_livestock
Temple:   nicolae_temple_god_jail

Skill      XL: |  1  2  3  4  5  6  7  8 |
---------------+-------------------------+-----
Dodging        | 2 3 |  3.2
Throwing       | 1 |  1.0
Armour         | 1 2 3 4 |  4.6
Unarmed Combat | 3 4 6 7 8 |  8.6
Stealth        | 1 4 |  4.2
Fighting       | 3 |  3.5
Spellcasting   | |  1.7
Translocations | |  2.6
Evocations     | |  0.1

Action                   |  1- 3 |  4- 6 |  7- 9 || total
-------------------------+-------+-------+-------++-------
Melee: Unarmed           |    81 |   262 |   163 ||   506
       Punch             |     1 |     3 |     3 ||     7
Invok: Heroism           |       |       |     2 ||     2
Evoke: Wand              |       |       |     3 ||     3
  Use: Scroll            |       |     1 |     8 ||     9
       Potion            |       |       |     4 ||     4
 Stab: Paralysed         |       |       |    18 ||    18
  Eat: Chunk             |     8 |    10 |     6 ||    24
Armor: Leather armour    |    13 |       |       ||    13
       Chain mail        |    26 |   175 |    93 ||   294
Dodge: Dodged            |    25 |   127 |    43 ||   195

Table legend:
 A = Spawn XP
 B = Non-spawn XP
 C = Spawn XP percentage of total XP
 D = Spawn monster count
 E = Non-spawn monster count
 F = Spawn count percentage of total count
 G = Total turns spent on level
                    A         B        C        D         E        F      G
               +---------+---------+-------+---------+---------+-------+---------
         Total |       0 |    2197 |   0.0 |       0 |     109 |   0.0 |  6885
               +---------+---------+-------+---------+---------+-------+---------
           D:1 |       0 |      21 |   0.0 |       0 |      12 |   0.0 |  1133
           D:2 |       0 |     145 |   0.0 |       0 |      14 |   0.0 |  1092
           D:3 |       0 |      66 |   0.0 |       0 |      23 |   0.0 |   742
           D:4 |       0 |     190 |   0.0 |       0 |      18 |   0.0 |  1361
           D:5 |       0 |     512 |   0.0 |       0 |      17 |   0.0 |   914
           D:6 |       0 |     975 |   0.0 |       0 |      23 |   0.0 |  1473
           D:7 |       0 |     288 |   0.0 |       0 |       2 |   0.0 |   102
               +---------+---------+-------+---------+---------+-------+---------
